 Dungeon Crawl Stone Soup version 0.21.1-1-g345015f (webtiles) character file.

34 Mirai the Magician (level 3, -4/19 HPs)
             Began as a Deep Elf Conjurer on Mar 30, 2018.
             Slain by Terence
             ... wielding a +1 flail of draining
              (5 damage)
             ... on level 2 of the Dungeon.
             The game lasted 00:02:47 (1085 turns).

Mirai the Magician (Deep Elf Conjurer)              Turns: 1085, Time: 00:02:48

Health: -4/19      AC:  4    Str:  5    XL:     3   Next: 14%
Magic:  3/11       EV: 12    Int: 20    God:
Gold:   60         SH:  0    Dex: 15    Spells: 9/12 levels left

rFire    . . .     SeeInvis .   i - +0 hand axe
rCold    . . .     Gourm    .   (no shield)
rNeg     . . .     Faith    .   a - +0 robe
rPois    .         Spirit   .   (no helmet)
rElec    .         Reflect  .   j - +0 cloak
rCorr    .         Harm     .   (no gloves)
MR       .....                  e - +0 pair of boots
Stlth    ++........             (no amulet)
HPRegen  0.06/turn              (no ring)
MPRegen  0.12/turn              (no ring)

@: very slightly contaminated, drained
A: no striking features
a: no special abilities


You were on level 2 of the Dungeon.
You were not hungry.

You visited 1 branch of the dungeon, and saw 2 of its levels.

You collected 60 gold pieces.

Inventory:

Hand Weapons
 i - a +0 hand axe (weapon)
Armour
 a - a +0 robe (worn)
 e - a +0 pair of boots (worn)
 j - a +0 cloak (worn)
Scrolls
 f - a scroll of amnesia {unknown}
 g - 2 scrolls of noise {unknown}
 k - a scroll of fog {unknown}
 l - a scroll of fear {unknown}
 m - a scroll of random uselessness {unknown}
 q - a scroll of magic mapping {unknown}
Potions
 d - a potion of invisibility {unknown}
 h - a potion of magic {unknown}
 n - a potion of berserk rage {unknown}
 o - a potion of flight {unknown}
 p - 2 potions of degeneration {unknown}
 r - a potion of mutation {unknown}
Books
 b - a book of Conjurations

   Spells                             Type                      Level
   a - Magic Dart                     Conjuration                  1
   b - Searing Ray                    Conjuration                  2
   c - Dazzling Spray                 Conjuration/Hexes            3
   d - Fulminant Prism                Conjuration/Hexes            4
   e - Force Lance                    Conjuration/Translocation    4
   f - Iskenderun's Mystic Blast      Conjuration                  4
Comestibles
 c - a ration


   Skills:
 - Level 2.4(1.8) Dodging
 - Level 2.4(1.8) Stealth
 + Level 5.1(4.4) Spellcasting
 - Level 4.3(3.7) Conjurations


You had 9 spell levels left.
You knew the following spells:

 Your Spells              Type           Power        Failure   Level  Hunger
a - Magic Dart            Conj           ###.         2%          1    None
b - Searing Ray           Conj           ###...       4%          2    #......


Dungeon Overview and Level Annotations

Branches:
Dungeon (2/15)

Altars:

Annotations:
D:2 Terence


Message History

Confirm with . or Enter, or press ? or * to list all spells.
Aiming: Searing Ray
Press: ? - help, Shift-Dir - straight line, f/p - Terence
Aim: Terence, wielding a flail of draining and wearing a scale mail The searing ray misses Terence. (Press . to maintain the ray.) Terence hits you with a flail of draining.
You feel drained.
The searing ray hits Terence.
Terence hits you with a flail of draining!
* * * LOW HITPOINT WARNING * * *
You feel drained.
* * * LOW HITPOINT WARNING * * *
The searing ray hits Terence.
Terence is lightly wounded.
The searing ray hits Terence.
Terence is severely wounded.
You finish channeling your searing ray.
Terence hits you with a flail of draining.
You die...

..... #...........
.#.#..#...........
(.......#.....(...
.#.........#...#
...........+.>.#
.#.........# .
...###.....# .#.
##.....## .
.........@#
.........@#
............
...........##
..<........#
..........#
.........#
........#


You could see Terence.

Vanquished Creatures
  2 oozes (D:1)
  An adder zombie (D:1)
  A dart slug (D:1)
  A leopard gecko (D:1)
  A ball python (D:1)
  4 bats (D:1)
  2 goblins
  A hobgoblin (D:1)
  5 kobolds
  A ball python zombie (D:1)
  A rat (D:1)
20 creatures vanquished.

Notes
Turn   | Place    | Note
-------+----------+-------------------------------------------
     0 | D:1      | Mirai the Deep Elf Conjurer began the quest for the Orb.
     0 | D:1      | Reached XP level 1. HP: 10/10 MP: 6/6
   314 | D:1      | Reached skill level 4 in Spellcasting
   314 | D:1      | Reached XP level 2. HP: 15/15 MP: 7/9
   318 | D:1      | Learned a level 2 spell: Searing Ray
   831 | D:1      | Reached XP level 3. HP: 19/19 MP: 3/11
   841 | D:1      | Reached skill level 5 in Spellcasting
  1076 | D:2      | Noticed Terence
  1085 | D:2      | Slain by Terence

Skill      XL: |  1  2  3 |
---------------+----------+-----
Spellcasting   | 4 5 |  5.1
Dodging        | |  2.4
Stealth        | |  2.4
Conjurations   | |  4.3

Action                   || total
-------------------------++-------
Melee: Unarmed           ||     1
 Cast: Magic Dart        ||    45
       Searing Ray       ||     3
Armor: Robe              ||     4
Dodge: Dodged            ||    16
